 Dungeon Sprint DCSS version 0.31.0-12-g77e489cdc1 (webtiles) character file.

Game seed: 11600280390404557986

1814 BigDaddyOpFi the Grappler (level 8, -2/75 HPs)
             Began as a Troll Shapeshifter on Mar 7, 2024.
             Was a Priest of Wu Jian.
             Slain by a skeletal warrior
             ... wielding a +0 long sword
              (27 damage)
             ... in the Dungeon (Sprint IX: "|||||||||||||||||||||||||||||").
             The game lasted 00:03:08 (600 turns).

BigDaddyOpFi the Grappler (Troll Shapeshifter)       Turns: 600, Time: 00:03:08

Health: -2/75      AC:  8    Str: 25    XL:     8   Next: 84%
Magic:  7/7        EV: 11    Int:  6    God:    Wu Jian [***...]
Gold:   0          SH:  0    Dex:  9    Spells: 7/7 levels left

rFire   . .          .
                       - Unarmed
rCold   . . .        (no shield)
rNeg    . . .        a - +0 animal skin
rPois   .            (helmet currently unavailable)
rElec   .            (cloak currently unavailable)
rCorr   .            (gloves unavailable)
SInv    .            (boots unavailable)
Will    .....        (no amulet)
Stlth   +            o - +2 ring of protection
HPRegen 1.12/turn    p - +2 ring of protection
MPRegen 0.10/turn

%: no teleportation
@: beast-form, hasted, very quick
A: beast (slay +4), large, unfitting armour, claws 3, regeneration 1, shaggy fur
1, tough skin 1
a: Begin Untransformation, Renounce Religion, Wall Jump, Serpent's Lash


You were in the Dungeon.
You worshipped Wu Jian.
Wu Jian was most pleased with you.
You were a hulking beast.
You visited 1 branch

Inventory:

Hand Weapons
 m - a +1 broad axe of freezing
Armour
 a - a +0 animal skin (worn)
 n - a +0 cloak
Jewellery
 o - a +2 ring of protection (left claw)
 p - a +2 ring of protection (right claw)
Talismans
 c - a beast talisman
 d - a flux talisman
Wands
 l - a wand of iceblast (10)
Scrolls
 j - 2 scrolls of blinking
 k - 2 scrolls of amnesia
Potions
 b - a potion of lignification
 e - 3 potions of curing
 h - 4 potions of magic
 i - a potion of invisibility


   Skills:
 + Level 3.0 Fighting
 + Level 5.8 Dodging
 + Level 1.2 Stealth
 + Level 14.1 Unarmed Combat
 + Level 11.3 Shapeshifting


You had 7 spell levels left.
You didn't know any spells.
Your spell library was empty.

Dungeon Overview and Level Annotations

Branches:
Dungeon (1/1)

Altars:
Cheibriados
Dithmenos
Elyvilon
Fedhas
Gozag
Hepliaklqana
Kikubaaqudgha
Makhleb
Nemelex Xobeh
Okawaru
Qazlal
Ru
Sif Muna
Trog
Uskayaw
Vehumet
Wu Jian
Xom
Yredelemnul
Zin
The Shining One
Jiyva
Lugonu


Innate Abilities, Weirdness & Mutations

You are a hulking beast.
Your limbs bulge with bestial killing power. (Slay +4)
You are too large for most types of armour.
You have claws for hands.
Your natural rate of healing is unusually fast.
You are covered in fur. (AC +1)
You have tough skin. (AC +1)


Message History

The cyclops hits you!!
* * * LOW HITPOINT WARNING * * *
You mangle the cyclops!!
You kill the cyclops!
The Council accepts your kill.
You can now briefly move at supernatural speeds.
Your Fighting skill increases to level 3!
Your Unarmed Combat skill increases to level 14!
Unknown command.
You feel much better.
The skeletal warrior hits you with a +0 long sword.
Okay, then.
You completely miss the skeletal warrior.
The skeletal warrior completely misses you.
You scratch the skeletal warrior.
The skeletal warrior is lightly damaged.
The skeletal warrior hits you with a +0 long sword!!
* * * LOW HITPOINT WARNING * * *
You claw the skeletal warrior!
The skeletal warrior is moderately damaged.
You feel yourself speed up.
The skeletal warrior hits you with a +0 long sword!
* * * LOW HITPOINT WARNING * * *
You feel better.
The skeletal warrior hits you with a +0 long sword.
* * * LOW HITPOINT WARNING * * *
You feel better. The skeletal warrior barely misses you.
You mangle the skeletal warrior!!
The skeletal warrior is heavily damaged.
You claw the skeletal warrior!
The skeletal warrior is severely damaged.
The skeletal warrior barely misses you.
You closely miss the skeletal warrior.
The skeletal warrior is severely damaged.
You barely miss the skeletal warrior.
The skeletal warrior is severely damaged.
You barely miss the skeletal warrior.
The skeletal warrior is severely damaged.
The skeletal warrior hits you with a +0 long sword!!
You die... ▓▓▓▓▓▓▓▓▓▓▓▓▓▓▓▓▓▓▓▓▓▓▓ .)..[[..)).....'hzWJ..+ ▓▓▓▓▓▓▓▓▓▓▓▓▓▓▓▓▓▓▓▓▓▓▓

You could see a skeletal warrior, a slime creature and a wraith.

Vanquished Creatures
  A centaur warrior (D)
  A cyclops (D)
  3 yaks (D)
  A vampire mosquito (D)
  A centaur (D)
  A scorpion (D)
  A wight (D)
  A howler monkey (D)
  A sleepcap (D)
  An adder (D)
  2 orcs (D)
  An endoplasm (D)
  A giant cockroach (D)
  A bat (D)
  A frilled lizard (D)
  A rat (D)
19 creatures vanquished.

Notes
Turn   | Place    | Note
-------+----------+-------------------------------------------
     0 | D        | BigDaddyOpFi the Troll Shapeshifter began the quest for the
                  | Orb.
     0 | D        | Reached XP level 1. HP: 18/18 MP: 0/0
     5 | D        | Reached skill level 1 in Fighting
    16 | D        | Noticed a scorpion
    16 | D        | Noticed a sleepcap
    19 | D        | Reached skill level 4 in Unarmed Combat
    19 | D        | Reached XP level 2. HP: 27/27 MP: 1/1
    27 | D        | Killed a scorpion
    28 | D        | Reached skill level 6 in Unarmed Combat
    28 | D        | Reached skill level 5 in Shapeshifting
    28 | D        | Reached XP level 3. HP: 33/33 MP: 2/2
    28 | D        | Reached XP level 4. HP: 41/41 MP: 3/3
   279 | D        | Found a snail-covered altar of Cheibriados.
   279 | D        | Found a shadowy altar of Dithmenos.
   279 | D        | Found a white marble altar of Elyvilon.
   279 | D        | Found a blossoming altar of Fedhas.
   279 | D        | Found an opulent altar of Gozag.
   280 | D        | Found a hazy altar of Hepliaklqana.
   281 | D        | Found a viscous altar of Jiyva.
   282 | D        | Found an ancient bone altar of Kikubaaqudgha.
   283 | D        | Found a corrupted altar of Lugonu.
   284 | D        | Found a burning altar of Makhleb.
   285 | D        | Found a sparkling altar of Nemelex Xobeh.
   286 | D        | Found an iron altar of Okawaru.
   287 | D        | Found a stormy altar of Qazlal.
   288 | D        | Found a sacrificial altar of Ru.
   291 | D        | Found a shimmering blue altar of Sif Muna.
   292 | D        | Found a bloodstained altar of Trog.
   301 | D        | Found a hide-covered altar of Uskayaw.
   302 | D        | Found a radiant altar of Vehumet.
   303 | D        | Found an ornate altar of the Wu Jian Council.
   304 | D        | Found a shimmering altar of Xom.
   305 | D        | Found a basalt altar of Yredelemnul.
   340 | D        | Found a glowing silver altar of Zin.
   341 | D        | Found a glowing golden altar of the Shining One.
   345 | D        | Became a worshipper of the Wu Jian Council
   386 | D        | Noticed a centaur
   386 | D        | Noticed a yak
   386 | D        | Noticed a yak
   386 | D        | Noticed a yak
   389 | D        | Killed a centaur
   390 | D        | Reached skill level 8 in Unarmed Combat
   390 | D        | Reached XP level 5. HP: 48/48 MP: 4/4
   396 | D        | Killed a yak
   397 | D        | Reached skill level 9 in Unarmed Combat
   397 | D        | Reached XP level 6. HP: 43/57 MP: 5/5
   401 | D        | Killed a yak
   401 | D        | Reached * piety under Wu Jian
   402 | D        | Reached skill level 10 in Unarmed Combat
   403 | D        | Reached XP level 7. HP: 51/63 MP: 6/6
   406 | D        | Killed a yak
   406 | D        | Reached ** piety under Wu Jian
   407 | D        | Reached skill level 11 in Unarmed Combat
   570 | D        | Noticed a cyclops
   570 | D        | Noticed a centaur warrior
   570 | D        | Noticed a vampire mosquito
   570 | D        | Noticed a wraith
   570 | D        | Noticed a skeletal warrior
   570 | D        | Noticed a slime creature
   574 | D        | Killed a vampire mosquito
   575 | D        | Reached skill level 12 in Unarmed Combat
   575 | D        | Reached skill level 10 in Shapeshifting
   582 | D        | Killed a centaur warrior
   583 | D        | Reached skill level 5 in Dodging
   583 | D        | Reached skill level 1 in Stealth
   583 | D        | Reached skill level 13 in Unarmed Combat
   583 | D        | Reached XP level 8. HP: 45/74 MP: 7/7
   588 | D        | Killed a cyclops
   588 | D        | Reached *** piety under Wu Jian
   589 | D        | Reached skill level 14 in Unarmed Combat
   600 | D        | Slain by a skeletal warrior

Illustrated notes

Levels and vault maps discovered:
D:        linesprint [early_d, line_temple, items_1, d_10, items_2, lair_1,
          lair_end, items_3, orc_1, orc_end, items_4, d_15, swamp_1, shoals_1,
          snake_1, spider_1, d_20, vaults_1, items_5, swamp_end, shoals_end,
          snake_end, spider_end, vaults_end, d_27, items_6, zot_1, zot_end,
          crypt_end, forest_end, elf_end, slime_end, tomb_end, abyss_end,
          pan_hell_end]

Skill      XL: |  1  2  3  4  5  6  7  8 |
---------------+-------------------------+-----
Fighting       | 1 2 3 |  3.0
Unarmed Combat | 4 6 8 9 10 13 14 | 14.1
Dodging        | 2 3 4 5 |  5.8
Shapeshifting  | 5 7 8 9 11 | 11.3
Stealth        | 1 |  1.2

Action                     |  1- 3 |  4- 6 |  7- 9 || total
---------------------------+-------+-------+-------++-------
  Melee: Unarmed           |    16 |    21 |    28 ||    65
         Punch             |       |       |     3 ||     3
Ability: Lunge             |       |       |     3 ||     3
    Use: Potion            |     1 |       |     6 ||     7
 Armour: Animal skin       |     5 |     7 |    28 ||    40
  Dodge: Dodged            |     8 |     9 |     9 ||    26
